Map: Galactic Process LE

Players

Gracz - Winner!

  • Race: Protoss Protoss
  • League: Silver

Bravegaruda

  • Race: Protoss Protoss
  • League: Silver

VOD

Have the link to the VOD?

Description

Time

  • Played on: Oct. 25, 2016, 12:55 p.m.
  • Length: 7:06
Show
View Real Time Build Order
Export as new Build Order

Gracz Protoss - Winner!

Build Orders: Nexus First 

Get SALT Encoding   

  12  0:01  Probe (Chrono Boost)  
  13  0:17  Pylon  
  13  0:20  Probe (Chrono Boost)  
  14  0:52  Unknown, Nexus  
  14  0:56  Probe (Chrono Boost)  
  15  1:09  Gateway  
  16  1:18  Probe (Chrono Boost)  
  16  1:29  Probe (Chrono Boost)  
  17  1:34  Assimilator  
  17  1:37  Gateway  
  17  1:40  Gateway  
  17  1:55  Pylon  
  17  2:00  Probe (Chrono Boost)  
  18  2:04  Unknown, Probe (Chrono Boost)  
  19  2:09  Assimilator  
  19  2:10  Probe (Chrono Boost)  
  19  2:15  Probe (Chrono Boost)  
  21  2:21  Probe (Chrono Boost)  
  22  2:22  Cybernetics Core  
  22  2:33  Probe x2 (Chrono Boost)  
  24  2:40  Pylon  
  24  2:43  Probe (Chrono Boost)  
  24  2:44  Probe (Chrono Boost)  
  26  2:53  Warp Gate  
  26  2:55  Gateway  
  26  3:07  Gateway  
  26  3:10  Probe (Chrono Boost)  
  26  3:11  Probe (Chrono Boost)  
  28  3:29  Probe x2 (Chrono Boost)  
  28  3:33  Assimilator  
  30  3:40  Probe (Chrono Boost)  
  30  3:41  Stalker x2, Probe (Chrono Boost)  
  36  3:44  Stalker  
  38  3:50  Probe (Chrono Boost)  
  38  3:53  Probe (Chrono Boost)  
  40  4:01  Probe (Chrono Boost)  
  41  4:03  Stalker  
  41  4:07  Mothership Core (Chrono Boost)  
  45  4:13  Pylon  
  45  4:16  Stalker x2  
  45  4:18  Stalker  
  51  5:03  Twilight Council  
  51  5:07  Stalker  
  51  5:08  Stalker x4  
  51  5:14  Pylon  
  55  6:11  Stalker x3  
  55  6:13  Stalker  
  55  6:14  Stalker  
  65  6:39  Stalker x2  
Show
View Real Time Build Order
Export as new Build Order

Bravegaruda Protoss 

Build Orders: 1 Gate Expand 

Get SALT Encoding   

  12  0:02  Probe (Chrono Boost)  
  13  0:12  Probe (Chrono Boost)  
  14  0:19  Pylon  
  14  0:25  Probe (Chrono Boost)  
  15  0:39  Gateway  
  15  0:43  Assimilator  
  15  0:45  Probe (Chrono Boost)  
  16  0:55  Probe (Chrono Boost)  
  17  1:06  Probe (Chrono Boost)  
  18  1:16  Probe (Chrono Boost)  
  19  1:27  Unknown, Nexus  
  19  1:36  Pylon  
  19  1:45  Zealot  
  21  1:52  Assimilator  
  21  1:59  Cybernetics Core  
  21  2:03  Probe (Chrono Boost)  
  22  2:13  Probe (Chrono Boost)  
  23  2:24  Probe (Chrono Boost), Zealot  
  26  2:39  Unknown  
  26  2:45  Pylon  
  26  2:49  Pylon  
  26  2:51  Stalker  
  26  2:57  Forge  
  28  3:05  Probe (Chrono Boost)  
  29  3:15  Probe (Chrono Boost)  
  30  3:22  Gateway  
  30  3:26  Probe (Chrono Boost)  
  31  3:28  Stalker  
  33  3:36  Probe (Chrono Boost)  
  34  3:43  Photon Cannon  
  34  3:47  Probe (Chrono Boost)  
  35  3:51  Photon Cannon  
  35  3:57  Probe (Chrono Boost)  
  36  4:04  Stalker  
  36  4:08  Probe (Chrono Boost)  
  39  4:12  Pylon  
  39  4:18  Probe (Chrono Boost)  
  40  4:25  Robotics Facility  
  40  4:29  Probe (Chrono Boost)  
  40  4:31  Protoss Shields Level 1  
  41  4:32  Stalker  
  43  4:40  Probe (Chrono Boost)  
  43  4:45  Assimilator  
  44  4:50  Probe (Chrono Boost)  
  44  4:52  Stalker  
  47  5:01  Probe (Chrono Boost)  
  48  5:11  Stalker, Probe (Chrono Boost)  
  51  5:19  Robotics Bay  
  51  5:22  Probe (Chrono Boost)  
  51  5:23  Observer  
  53  5:32  Probe (Chrono Boost)  
  54  5:36  Assimilator  
  54  5:43  Pylon, Probe (Chrono Boost)  
  54  5:45  Pylon  
  54  5:53  Probe (Chrono Boost)  
  50  6:04  Stalker x2, Probe (Chrono Boost)  
  38  6:27  Photon Cannon  
  38  6:28  Photon Cannon  
  38  6:30  Photon Cannon  
  38  6:32  Photon Cannon  
  33  6:33  Stalker  
  33  6:34  Stalker  
  32  6:44  Observer  
Tags
 
Add a new tag
Caveats
  • Supply blocks, unpowered buildings, or Contaminate may cause inaccurate times.
  • Supply counts are checked every 10 seconds.